 Dungeon Crawl Stone Soup version 0.29.0 (webtiles) character file.

Game seed: 14628464330372786238

258 brinewave the Chiller (level 5, -1/22 HPs)
             Began as a Felid Ice Elementalist on Sept 9, 2022.
             Slain by a scorpion (4 damage)
             ... on level 5 of the Dungeon.
             The game lasted 00:15:16 (3169 turns).

brinewave the Chiller (Felid Ice Elementalist)      Turns: 3169, Time: 00:15:16

Health: -1/22      AC:  2    Str:  4    XL:     5   Next: 94%
Magic:  4/12       EV: 19    Int: 18    God:
Gold:   182        SH:  0    Dex: 17    Spells: 8/12 levels left
                                        Lives:  0   Deaths: 1

rFire   . . .      SeeInvis +     - Unarmed
rCold   . . .      Faith    .   (shield unavailable)
rNeg    + . .      Spirit   .   (body armour unavailable)
rPois   .          Reflect  .   (helmet unavailable)
rElec   .          Harm     .   (cloak unavailable)
rCorr   .          Rampage  .   (gloves unavailable)
Will    .....                   (boots unavailable)
Stlth   ++........              (no amulet)
HPRegen 0.07/turn               i - ring of positive energy
MPRegen 0.13/turn               (no ring)

@: lethally poisoned (-1 -> -5), freezing walls, quick
A: very small, claws 1, fangs 3, see invisible, speed 1, shaggy fur 2, stealthy
paws, no weapons or thrown items, no armour, multi-lived
a: no special abilities


You were on level 5 of the Dungeon.
You visited 1 branch of the dungeon, and saw 5 of its levels.

You collected 182 gold pieces.

Inventory:

Jewellery
 i - a ring of positive energy (left paw)
 l - a ring of fire
 r - an amulet of faith
 t - a ring of ice
Wands
 m - a wand of polymorph (12)
 n - a wand of roots (11)
Scrolls
 d - a scroll of noise {unknown}
 e - a scroll of blinking {unknown}
 f - a scroll of torment {unknown}
 h - a scroll of summoning {unknown}
 j - a scroll of teleportation {unknown}
 q - a scroll of enchant weapon {unknown}
 u - a scroll of silence {unknown}
Potions
 a - a potion of magic
 c - 5 potions of curing
 o - a potion of heal wounds {unknown}
 s - a potion of attraction {unknown}


   Skills:
 + Level 1.7 Fighting
 - Level 5.0 Dodging
 - Level 2.6 Stealth
 + Level 1.7 Unarmed Combat
 + Level 4.0 Spellcasting
 + Level 5.1 Ice Magic


You had 8 spell levels left.
You knew the following spells:

 Your Spells              Type           Power      Damage    Failure   Level
a - Freeze                Ice            88%        1d10      1%          1
b - Frozen Ramparts       Ice            44%        1d7       5%          3

Your spell library contained the following spells:

 Spells                   Type           Power      Damage    Failure   Level
 Ozocubu's Armour         Ice            22%        N/A       5%          3
 Sting                    Tmut/Pois      12%        1d3       14%         1
 Poisonous Vapours        Pois/Air       6%         N/A       22%         2
 Hailstorm                Conj/Ice       12%        3d5       45%         4
 Ice Form                 Ice/Tmut       12%        N/A       45%         4
 Olgreb's Toxic Radiance  Pois           3%         N/A       82%         4
 Simulacrum               Ice/Necr       6%         N/A       100%        6


Dungeon Overview and Level Annotations

Branches:
Dungeon (5/15)
 Temple: D:4-7

Altars:
Zin

Shops:
D:2 [   D:3 :   D:4 [


Innate Abilities, Weirdness & Mutations

You have sharp claws.
You have razor-sharp teeth.
You have supernaturally acute eyesight. (SInv)
You cover ground quickly. (Speed+)
You are covered in thick fur. (AC +2)
Your paws help you pounce on unaware monsters.
You are incapable of wielding weapons or throwing items.
You cannot wear armour.
You gain extra lives every three experience levels.


Message History

Aim: a scorpion (lightly wounded)
You freeze the scorpion.
The scorpion is heavily wounded.
The scorpion misses you.
The wall freezes the scorpion.
The scorpion stings you.
You are poisoned.
The scorpion poisons you!
Aiming: Freeze (safe; 1% risk of failure)
Press: ? - help, Q - select action, (/) - cycle Shift-Dir - straight line, f/p - scorpion
Aim: a scorpion (heavily wounded)
You freeze the scorpion.
The scorpion is severely wounded.
You feel very sick. The scorpion closely misses you.
The wall freezes the scorpion.
The scorpion completely misses you.
Aiming: Freeze (safe; 1% risk of failure)
Press: ? - help, Q - select action, (/) - cycle Shift-Dir - straight line, f/p - scorpion
Aim: a scorpion (almost dead)
You freeze the scorpion.
The scorpion is almost dead.
You feel sick. The scorpion completely misses you.
The wall freezes the scorpion but does no damage.
The scorpion closely misses you. The scorpion stings you.
* * * LOW HITPOINT WARNING * * *
Aiming: Freeze (safe; 1% risk of failure)
Press: ? - help, Q - select action, (/) - cycle Shift-Dir - straight line, f/p - scorpion
Aim: a scorpion (almost dead)
You freeze the scorpion.
You kill the scorpion!
* * * LOW HITPOINT WARNING * * *
You feel sick. The scorpion misses you.
Your Spellcasting skill increases to level 4!
Aiming: Freeze (safe; 1% risk of failure)
Press: ? - help, Q - select action, (/) - cycle Shift-Dir - straight line, f - scorpion
Aim: a scorpion You freeze the scorpion.
The scorpion is moderately wounded.
* * * LOW HITPOINT WARNING * * *
You feel sick. The scorpion stings you.
You die...

,,,,*........#....,,,,#,,,*
*#####............,,,.#,,,*
*#.......##......#*,.#*,,**
*#....PP.........##.>##,,**
,+.....5P.............#,,,*
*#..#.P[P#..........♣,,,,,*
*#.†##..##......#**,,,,,,********
##.55#..##..##..##*,,,,+****,,**,
#..h5#...#,,,#..@#,,,,,,,,,,,,>,,
#........#,,,#.s†#,,,,,,,,,,,,,,,
##......##,,*#...#,,,,,,,,,,,,,,,
##.......#,,*#...#,,,,,,,,,,,,,,,
....≈~≈.....*....#,,,,,,,,,,,,,,,
...≈≈~≈≈....##..##*****,****,,***
...~~♣~~....##..#*,****+*********
...≈≈~≈≈....#...,,,,,,,,,*,,,,,,*
♣...≈~≈...♣##,,,,,,,,,,,,*,,,,,,*


You could see a scorpion.

Vanquished Creatures
  A black bear (D:5)
  A scorpion (D:5)
  A gnoll bouda (D:5)
  A hound (D:4)
  An iguana (D:5)
  Natasha (thrice) (D:3)
  3 gnolls (D:5)
  7 adders
  2 worms (D:3)
  2 dart slugs
  3 orcs
  3 bats
  2 giant cockroaches
  5 goblins
  4 hobgoblins
  3 jackals (D:2)
  6 kobolds
  A ball python (D:2)
  2 frilled lizards (D:3)
  A rat (D:1)
52 creatures vanquished.

Vanquished Creatures (others)
  6 demonic plants (D:5)
6 creatures vanquished.

Grand Total: 58 creatures vanquished

Notes
Turn   | Place    | Note
-------+----------+-------------------------------------------
     0 | D:1      | brinewave the Felid Ice Elementalist began the quest for
                  | the Orb.
     0 | D:1      | Reached XP level 1. HP: 7/7 MP: 4/4
   337 | D:1      | Reached XP level 2. HP: 11/11 MP: 4/6
   778 | D:2      | Found a faded altar of an unknown god.
   936 | D:2      | Reached XP level 3. HP: 14/14 MP: 5/7
   962 | D:2      | Found Ireom's Antique Armour Boutique.
  1391 | D:3      | Found Wiyph's Book Boutique.
  1688 | D:3      | Noticed Natasha
  1701 | D:3      | Killed Natasha
  1702 | D:3      | Reached XP level 4. HP: 18/18 MP: 0/9
  1712 | D:3      | Noticed Natasha
  1847 | D:3      | Killed Natasha
  2173 | D:3      | Reached XP level 5. HP: 19/21 MP: 6/10
  2268 | D:3      | Noticed Natasha
  2276 | D:3      | Killed Natasha
  2531 | D:3      | Learned a level 3 spell: Frozen Ramparts
  2619 | D:4      | Found Tyatsu Aski's Antique Armour Emporium.
  2824 | D:4      | Found a glowing silver altar of Zin.
  2876 | D:4      | Reached skill level 5 in Dodging
  3022 | D:5      | Entered Level 5 of the Dungeon
  3029 | D:5      | Noticed a black bear
  3054 | D:5      | Gained mutation: You are covered in thick fur. (AC +2)
                  | [Felid growth]
  3054 | D:5      | Reached XP level 6. HP: 17/25 MP: 6/12
  3061 | D:5      | Reached skill level 1 in Fighting
  3061 | D:5      | Reached skill level 1 in Unarmed Combat
  3158 | D:5      | Reached skill level 5 in Ice Magic
  3160 | D:5      | Slain by a shadow imp
  3161 | D:5      | Reached XP level 5. HP: -3/22 MP: 8/11
  3169 | D:5      | Slain by a scorpion

Illustrated notes

Levels and vault maps discovered:
D:1:      eino_arrival_water_cross, layout_rooms
D:2:      layout_rooms, serial_shops, shop, ebering_ecumenical_altar_webs
D:3:      layout_basic, serial_shops, shop, uniq_natasha
D:4:      layout_rooms, mainiacjoe_overflow_alcove_2, serial_shops,
          nicolae_shop_hallway_plus
D:5:      layout_gridville, elyvilon_altar_3, worldfamousw_hep_ancestral_shrine,
          portal_sewer_entry_c, serial_demonic, serial_demonic_a,
          serial_demonic_c, serial_demonic_e, serial_demonic_c

Skill      XL: |  1  2  3  4  5  6 |
---------------+-------------------+-----
Dodging        | 3 4 5 |  5.0
Ice Magic      | 4 5 |  5.1
Spellcasting   | 3 4 |  4.0
Fighting       | 1 |  1.7
Unarmed Combat | 1 |  1.7
Stealth        | |  2.6

Action                   |  1- 3 |  4- 6 || total
-------------------------+-------+-------++-------
Melee: Unarmed           |     5 |    31 ||    36
       Bite              |       |     3 ||     3
 Cast: Freeze            |    58 |    43 ||   101
       Frozen Ramparts   |       |     5 ||     5
  Use: Scroll            |     1 |     5 ||     6
 Stab: Sleeping          |     1 |     1 ||     2
Armor: Skin              |    18 |     4 ||    22
Dodge: Dodged            |    66 |    72 ||   138
